 Dungeon Crawl Stone Soup version 0.31-a0-321-g19405a7a6a (webtiles) character file.

Game seed: 12045078496915741195

25 cforsyth the Changeling (level 2, -1/22 HPs)
             Began as a Vampire Shapeshifter on July 18, 2023.
             Slain by an orc
             ... wielding a +0 club
              (4 damage)
             ... on level 4 of the Dungeon.
             The game lasted 00:01:02 (780 turns).

cforsyth the Changeling (Vampire Shapeshifter)       Turns: 780, Time: 00:01:03

Health: -1/22      AC:  2    Str: 14    XL:     2   Next: 82%
Magic:  2/2        EV: 12    Int: 10    God:
Gold:   51         SH:  0    Dex: 14    Spells: 1/1 levels left

rFire   . .          .
                       - Unarmed
rCold   . . .        (no shield)
rNeg    . . .        a - +0 animal skin
rPois   .            (helmet currently unavailable)
rElec   .            (cloak currently unavailable)
rCorr   .            (gloves currently unavailable)
SInv    +            (boots currently unavailable)
Will    .....        (no amulet)
Stlth   +            (no ring)
HPRegen 0.43/turn    (no ring)
MPRegen 0.08/turn

%: no passive effects
@: beast-form, healing quickly
A: beast (slay +2), alive, fangs 3, see invisible, vampiric 1
a: Exsanguinate, Begin Untransformation


You were on level 4 of the Dungeon.
You were a hulking beast.
You visited 1 branch of the dungeon, and saw 3 of its levels.

You collected 51 gold pieces.

Inventory:

Armour
 a - a +0 animal skin (worn)
Jewellery
 j - a ring of wizardry
Talismans
 c - a beast talisman
 h - a granite talisman
Scrolls
 d - a scroll of teleportation {unknown}
 e - a scroll of amnesia {unknown}
 f - a scroll of enchant armour {unknown}
 g - a scroll of silence {unknown}
Potions
 i - a potion of heal wounds {unknown}


   Skills:
 + Level 2.3 Fighting
 - Level 2.1 Dodging
 + Level 2.8 Unarmed Combat
 + Level 3.6 Shapeshifting


You had one spell level left.
You didn't know any spells.
Your spell library was empty.

Dungeon Overview and Level Annotations

Branches:
Dungeon (2/15)

Altars:


Innate Abilities, Weirdness & Mutations

You are a hulking beast.
Your limbs bulge with bestial killing power. (Slay +2)
Your natural rate of healing is accelerated.
You have razor-sharp teeth.
You have supernaturally acute eyesight. (SInv)
You are afflicted with vampirism.


Message History

You closely miss the orc. You hit the orc but do no damage.
The orc hits you but does no damage.
You hit the orc but do no damage. The orc hits you but does no damage.
You closely miss the orc.
Your transformation is almost over.
The orc hits you but does no damage.
You hit the orc.
The orc is moderately wounded.
The orc hits you but does no damage.
You hit the orc but do no damage.
The orc is moderately wounded.
The orc hits you with a +0 flail.
* * * LOW HITPOINT WARNING * * *
You barely miss the orc.
The orc is moderately wounded.
The orc hits you but does no damage.
You hit the orc.
The orc is heavily wounded.
The orc hits you but does no damage.
You hit the orc. Your punch misses the orc.
The orc is almost dead.
The orc hits you but does no damage.
You closely miss the orc.
The orc is almost dead.
The orc hits you but does no damage.
You hit the orc but do no damage.
The orc is almost dead.
The orc hits you but does no damage.
You hit the orc.
You kill the orc!
You hit the orc.
The orc is heavily wounded.
You feel less wooden.
Your +0 animal skin unmelds from your body.
You turn into a hulking beast.
The orc hits you with a +0 club.
* * * LOW HITPOINT WARNING * * *
You closely miss the orc. You bite the orc, but do no damage.
The orc is heavily wounded.
The orc hits you with a +0 club.
You die...

#........ ..#
####.....#.. ..S#
.........#.##
.....
........#..##.....
#......#......##
#.....o......#
##...#Jo..#..#
#...##o#..#
#...##h#..#
###......#..#
#............
#.............
##......##.....
#......# #..
##.#....# ##.
###..### ## ####


You could see 3 orcs and an endoplasm.

Vanquished Creatures
  2 orcs (D:4)
  An endoplasm (D:2)
  2 giant cockroaches (D:1)
  5 goblins
  6 kobolds
  2 quokkas
  A ball python (D:1)
  A rat (D:2)
20 creatures vanquished.

Notes
Turn   | Place    | Note
-------+----------+-------------------------------------------
     0 | D:1      | cforsyth the Vampire Shapeshifter began the quest for the
                  | Orb.
     0 | D:1      | Reached XP level 1. HP: 16/16 MP: 1/1
   148 | D:1      | Reached XP level 2. HP: 20/22 MP: 2/2
   749 | D:2      | You fall into a shaft and drop 2 floors!
   780 | D:4      | Slain by an orc

Illustrated notes

Levels and vault maps discovered:
D:1:      pf_arrival_petrified_forest, layout_basic, minmay_tetromino_l2
D:2:      layout_basic, hellmonk_ecumenical_altar_watching_god
D:4:      layout_cave_pools, minmay_temple_entry_statues_pillars, serial_shops,
          shop, corner_web_ring

Skill      XL: |  1 |
---------------+----+-----
Fighting       | 2 |  2.3
Dodging        | |  2.1
Unarmed Combat | |  2.8
Shapeshifting  | |  3.6

Action                     || total
---------------------------++-------
  Melee: Unarmed           ||    55
         Bite              ||     2
    Use: Potion            ||     1
 Armour: Skin              ||    10
         Animal skin       ||     2
  Dodge: Dodged            ||    23

Table legend: (Time is in decaauts)
 A = Elapsed time spent in this place.
 B = Non-inter-level travel time spent in this place.
 C = Inter-level travel time spent in this place.
 D = Time resting spent in this place.
 E = Time spent auto-exploring this place.
 F = Levels seen in this place.
 G = Mean time per level.
                   A        B        C        D        E       F      G
               +--------+--------+--------+--------+--------+-----+--------+
         Total |    777 |    720 |     57 |      0 |    595 |   3 |  259.0 |
       Dungeon |    777 |    720 |     57 |      0 |    595 |   3 |  259.0 |
               +--------+--------+--------+--------+--------+-----+--------+

Top non-repeatable levels by time:
     D:1: 663 daAuts
     D:2: 83 daAuts
     D:4: 30 daAuts
